 Dungeon Crawl Stone Soup version 0.19.1 (webtiles) character file.

728 Dolanko the Cutter (level 7, -21/49 HPs)
             Began as a High Elf Assassin on Dec 27, 2016.
             Killed from afar by a hound skeleton (32 damage)
             ... with an exploding inner flame
             ... hexed by the player character
             ... on level 7 of the Dungeon.
             The game lasted 00:11:08 (4327 turns).

Dolanko the Cutter (High Elf Assassin)              Turns: 4327, Time: 00:11:09

Health: -21/49     AC:  4    Str: 10    XL:     7   Next: 44%
Magic:  8/8        EV: 15    Int: 15    God:
Gold:   127        SH:  2    Dex: 19    Spells: 0 memorised, 6 levels left

rFire  . . .     SeeInvis .     a - +1 short sword (venom)
rCold  . . .     Gourm    .     c - +0 robe
rNeg   . . .     Faith    .     (no shield)
rPois  .         Spirit   .     l - +0 helmet
rElec  .         Reflect  +     d - +0 cloak
rCorr  .         Harm     .     (no gloves)
MR     .....                    (no boots)
Stlth  +++.......               m - +2 amulet of reflection
                                (no ring)
                                (no ring)

@: very slightly contaminated, hasted, invisible, very quick
A: no striking features
a: no special abilities


You were on level 7 of the Dungeon.
You were not hungry.

You visited 1 branch of the dungeon, and saw 6 of its levels.

You collected 127 gold pieces.

Inventory:

Hand Weapons
 a - a +1 short sword of venom (weapon)
 b - a +0 blowgun
 v - a cursed -2 dagger
Missiles
 e - 40 poisoned needles
 f - 2 curare-tipped needles
 t - 38 arrows
 u - 2 javelins (quivered)
Armour
 c - a +0 robe (worn)
 d - a +0 cloak (worn)
 l - a +0 helmet (worn)
Jewellery
 j - an uncursed ring of resist corrosion
 m - a +2 amulet of reflection (around neck)
Scrolls
 h - 2 scrolls of identify
 n - a scroll of magic mapping {unknown}
 p - 2 scrolls of fog
 q - a scroll of immolation
 r - a scroll of enchant armour {unknown}
Potions
 s - a potion of invisibility
Books
 k - a book of Geomancy

   Spells                             Type                      Level
   a - Sandblast                      Earth                        1
   b - Passwall                       Transmutation/Earth          2
   c - Stone Arrow                    Conjuration/Earth            3
   d - Petrify                        Transmutation/Earth          4
   e - Lee's Rapid Deconstruction     Earth                        5
Comestibles
 g - a bread ration
 i - a beef jerky


   Skills:
 + Level 4.7 Fighting
 * Level 7.1 Short Blades
 - Level 2.0 Throwing
 + Level 4.5 Dodging
 - Level 4.3 Stealth


You had 6 spell levels left.
You didn't know any spells.

Dungeon Overview and Level Annotations

Branches:
Dungeon (7/15)
 Temple: D:4-7

Altars:
Cheibriados
Dithmenos
Elyvilon
Fedhas
Hepliaklqana
Trog
Uskayaw

Annotations:
D:6 Edmund


Message History

The hound skeleton misses you. The hound skeleton closely misses you.
It was a potion of haste.
You feel yourself speed up. The hound skeleton misses you.
You closely miss the hound skeleton.
The hound skeleton is moderately damaged.
The hound skeleton barely misses you.
You barely miss the hound skeleton.
The hound skeleton is moderately damaged.
You catch the helpless hound skeleton completely off-guard!
You impale the hound skeleton!!
The hound skeleton explodes!
The fiery explosion engulfs the ogre.
You kill the ogre!
The fiery explosion engulfs the ice beast.
The ice beast melts!
The ice beast explodes!
Your Short Blades skill increases to level 7!
The fiery explosion engulfs you!
Ouch! That really hurt!
You die...

#.# ..### ...###########
######.#.#_#_#8#.##
.......8.#(#.#.#._#.Y# .. #.#
#.....h...§§§#...# ..#.#
..####.........§§§#.... #.#.#
.......8.#.#.#.#§##..#.##.#.#
..######8#.#⌠#.#@# ........###
#.>....############# #........#
...YO###........#..# #.......#
####..##.........>#####.<.....#
##.........................##
####........####.####.##...#
#........##.....##.##.#.#
#........#.......#......#
#######..#.......#..###.#


There were no monsters in sight!

Vanquished Creatures
  Sigmund (D:3)
  An ice beast (D:7)
  A sky beast (D:4)
  An ogre (D:7)
  An orc priest (D:3)
  An orc wizard (D:3)
  Crazy Yiuf (D:3)
  Robin (D:3)
  6 adders
  3 gnolls (D:4)
  6 worms
  4 dart slugs
  A leopard gecko (D:2)
  4 orcs
  9 bats
  4 giant cockroaches
  15 goblins
  15 hobgoblins
  3 jackals (D:1)
  2 quokkas (D:3)
  2 ball pythons (D:3)
  7 frilled lizards
  7 kobolds
  3 rats
99 creatures vanquished.

Notes
Turn   | Place    | Note
-------+----------+-------------------------------------------
     0 | D:1      | Dolanko the High Elf Assassin began the quest for the Orb.
     0 | D:1      | Reached XP level 1. HP: 14/14 MP: 2/2
   287 | D:1      | Reached XP level 2. HP: 19/19 MP: 3/3
   349 | D:1      | Reached skill level 3 in Short Blades
   613 | D:1      | Reached XP level 3. HP: 14/25 MP: 4/4
  1252 | D:2      | Reached XP level 4. HP: 29/30 MP: 5/5
  1268 | D:2      | Reached skill level 4 in Short Blades
  1433 | D:2      | Found a blossoming altar of Fedhas.
  1734 | D:3      | Noticed Robin
  1838 | D:3      | Killed Robin
  1838 | D:3      | Reached XP level 5. HP: 8/36 MP: 6/6
  2158 | D:3      | Noticed Sigmund
  2171 | D:3      | Killed Sigmund
  2171 | D:3      | Reached skill level 5 in Short Blades
  2171 | D:3      | Reached XP level 6. HP: 43/43 MP: 7/7
  2617 | D:3      | Found a runed door.
  2621 | D:3      | Noticed Crazy Yiuf
  2631 | D:3      | Killed Crazy Yiuf
  2631 | D:3      | Reached skill level 6 in Short Blades
  3565 | D:4      | HP: 2/43 [gnoll/halberd (9)]
  4121 | D:4      | Noticed a sky beast
  4139 | D:4      | Killed a sky beast
  4139 | D:4      | Reached XP level 7. HP: 26/49 MP: 8/8
  4228 | D:4      | You fall through a shaft for 3 floors!
  4228 | D:7      | Found a bloodstained altar of Trog.
  4251 | D:6      | Noticed Edmund
  4305 | D:7      | Found a shadowy altar of Dithmenos.
  4307 | D:7      | Found a snail-covered altar of Cheibriados.
  4307 | D:7      | Found a hide-covered altar of Uskayaw.
  4307 | D:7      | Found a white marble altar of Elyvilon.
  4312 | D:7      | Found a hazy altar of Hepliaklqana.
  4327 | D:7      | Reached skill level 7 in Short Blades
  4327 | D:7      | Killed from afar by a hound skeleton

Skill      XL: |  1  2  3  4  5  6  7 |
---------------+----------------------+-----
Short Blades   | 3 4 5 6 7 |  7.1
Dodging        | 2 3 4 |  4.5
Fighting       | 3 4 |  4.7
Throwing       | |  2.0
Stealth        | |  4.3

Action                   |  1- 3 |  4- 6 |  7- 9 || total
-------------------------+-------+-------+-------++-------
Melee: Dagger            |    55 |       |       ||    55
       Short sword       |    12 |   139 |    16 ||   167
 Fire: Blowgun           |    10 |    47 |       ||    57
Throw: Javelin           |    25 |    20 |       ||    45
  Use: Scroll            |       |     4 |     1 ||     5
       Potion            |       |       |     2 ||     2
 Stab: Sleeping          |     4 |     4 |     1 ||     9
       Invisible         |       |       |     1 ||     1
  Eat: Chunk             |     1 |     7 |       ||     8
       Meat ration       |       |     1 |       ||     1
Armor: Robe              |    20 |    18 |     4 ||    42
Dodge: Dodged            |    28 |    91 |    27 ||   146
Block: Other             |       |     6 |     1 ||     7
